 Dungeon Crawl Stone Soup version 0.28.0 (webtiles) character file.

Game seed: 16652770677789119177

31 issech the Cudgeller (level 3, -5/36 HPs)
             Began as a Troll Monk on Feb 17, 2022.
             Slain by an iguana (11 damage)
             ... on level 2 of the Dungeon.
             The game lasted 00:03:20 (941 turns).

issech the Cudgeller (Troll Monk)                    Turns: 941, Time: 00:03:21

Health: -5/36      AC:  4    Str: 19    XL:     3   Next: 7%
Magic:  11/11      EV: 10    Int:  6    God:
Gold:   70         SH:  0    Dex: 14    Spells: 2/2 levels left

rFire   . . .      SeeInvis .   a - +0 mace
rCold   . . .      Faith    .   (no shield)
rNeg    . . .      Spirit   .   b - +0 robe
rPois   .          Reflect  .   (helmet restricted)
rElec   .          Harm     .   (no cloak)
rCorr   .          Rampage  .   (gloves unavailable)
Will    .....                   (boots unavailable)
Stlth   ++........              (no amulet)
HPRegen 0.92/turn               f - ring of magical power
MPRegen 0.12/turn               (no ring)

@: no status effects
A: large, unfitting armour, claws 3, regeneration 1, shaggy fur 1, tough skin 1
a: no special abilities


You were on level 2 of the Dungeon.
You visited 1 branch of the dungeon, and saw 2 of its levels.

You collected 70 gold pieces.

Inventory:

Hand Weapons
 a - a +0 mace (weapon)
 d - a +0 flail
Missiles
 c - 41 stones
 e - 22 sling bullets
 h - 3 boomerangs
 i - 5 large rocks (quivered)
 k - 6 arrows
Armour
 b - a +0 robe (worn)
Jewellery
 f - a ring of magical power (left claw)
Scrolls
 j - a scroll of vulnerability {unknown}
Potions
 g - a potion of invisibility {unknown}


   Skills:
 + Level 2.7 Fighting
 + Level 3.2 Maces & Flails
 + Level 2.7 Dodging
 + Level 1.1 Stealth


You had 2 spell levels left.
You didn't know any spells.
Your spell library contained the following spells:

 Spells                   Type           Power      Damage    Failure   Level
 Apportation              Tloc           0%         N/A       45%         1
 Alistair's Intoxication  Tmut/Pois      0%         N/A       100%        5


Dungeon Overview and Level Annotations

Branches:
Dungeon (2/15)

Altars:


Innate Abilities, Weirdness & Mutations

You are too large for most types of armour.
You have claws for hands.
Your natural rate of healing is unusually fast.
You are covered in fur. (AC +1)
You have tough skin. (AC +1)


Message History

The ball python bites you.
You sock the ball python!
You kill the ball python!
You hit the iguana.
The iguana is lightly wounded.
The iguana bites you!
You hit the iguana but do no damage.
The iguana is lightly wounded.
The iguana bites you!
You barely miss the iguana.
The iguana is lightly wounded.
The iguana barely misses you. The iguana bites you. The iguana bites you!
* * * LOW HITPOINT WARNING * * *
The iguana hisses menacingly.
There is a stone staircase leading down here.
There is a stone staircase leading up here.
You sock the iguana!
The iguana is heavily wounded.
The iguana bites you!
You hit the iguana.
The iguana is severely wounded.
The iguana bites you. x2
You completely miss the iguana.
The iguana is severely wounded.
The iguana barely misses you.
You closely miss the iguana.
The iguana is severely wounded.
The iguana closely misses you.
You hit the iguana.
The iguana is almost dead.
The iguana bites you!
You closely miss the iguana. You claw the iguana.
The iguana is almost dead.
The iguana bites you!
* * * LOW HITPOINT WARNING * * *
You barely miss the iguana.
The iguana is almost dead.
The iguana closely misses you. The iguana bites you!
You die...

###### #....# #.<#@#
# #.gl.# ########
####.#..###.##.g.g..#
.......>....##.####.#
####.##.######.# #.#
...........g...# #g#
#.##.##.###########.#
# .. ...# #...g...#
## #.#.# #.#######


You could see an iguana and a hobgoblin.

Vanquished Creatures
  A dart slug (D:1)
  2 ball pythons
  6 endoplasms
  2 giant cockroaches (D:1)
  A goblin (D:1)
  2 hobgoblins (D:1)
  2 jackals (D:1)
  2 bats (D:1)
  A frilled lizard (D:1)
  3 kobolds (D:1)
  5 rats
27 creatures vanquished.

Notes
Turn   | Place    | Note
-------+----------+-------------------------------------------
     0 | D:1      | issech the Troll Monk began the quest for the Orb.
     0 | D:1      | Reached XP level 1. HP: 22/22 MP: 0/0
    67 | D:1      | Found a faded altar of an unknown god.
   160 | D:1      | Reached XP level 2. HP: 29/29 MP: 1/1
   211 | D:1      | Reached skill level 3 in Maces & Flails
   735 | D:1      | Reached XP level 3. HP: 31/36 MP: 2/2
   941 | D:2      | Slain by an iguana

Illustrated notes

Levels and vault maps discovered:
D:1:      amcnicky_arrival_feature_with_door, layout_loops_ring,
          dreamdust_ecumenical_altar_statues, minmay_pentomino_r4
D:2:      layout_basic

Skill      XL: |  1  2 |
---------------+-------+-----
Maces & Flails | 3 |  3.2
Fighting       | |  2.7
Dodging        | |  2.7
Stealth        | |  1.1

Action                   || total
-------------------------++-------
Melee: Mace              ||   116
       Punch             ||     3
 Stab: Sleeping          ||     3
Armor: Robe              ||    46
Dodge: Dodged            ||    78
